 Dungeon Crawl Stone Soup version 0.30.0-29-ga12c61a403 (webtiles) character file.

Game seed: 8946849205149489671

35 BiteMe the Firebug (level 3, 0/24 HPs)
             Began as a Demonspawn Fire Elementalist on June 4, 2023.
             Succumbed to a goblin's poison
             ... on level 2 of the Dungeon.
             The game lasted 00:12:41 (1806 turns).

BiteMe the Firebug (Demonspawn Fire Elementalist)   Turns: 1806, Time: 00:12:42

Health: 0/24       AC:  8    Str:  8    XL:     3   Next: 16%
Magic:  6/6        EV: 12    Int: 18    God:
Gold:   74         SH:  0    Dex: 13    Spells: 3/6 levels left

rFire   . . .        j - +0 spear
rCold   . . .        (no shield)
rNeg    . . .        a - +0 robe
rPois   .            (no helmet)
rElec   .            c - +0 cloak
rCorr   .            (no gloves)
SInv    .            f - +0 pair of boots
Will    .....        (no amulet)
Stlth   +            h - +4 ring of protection
HPRegen 0.24/turn    (no ring)
MPRegen 0.10/turn

%: no passive effects
@: brilliant, lethally poisoned (0 -> -10), about to teleport, silenced
A: hooves 1
a: no special abilities


You were on level 2 of the Dungeon.
You visited 1 branch of the dungeon, and saw 2 of its levels.

You collected 74 gold pieces.

Inventory:

Hand Weapons
 d - a +0 short sword
 e - a +0 whip
 j - a +0 spear (weapon)
Armour
 a - a +0 robe (worn)
 c - a +0 cloak (worn)
 f - a +0 pair of boots (worn)
Jewellery
 h - a +4 ring of protection (left hand)
Scrolls
 i - a scroll of magic mapping {unknown}
 k - a scroll of identify {unknown}


   Skills:
 + Level 2.3 Dodging
 - Level 1.7 Stealth
 * Level 2.4 Spellcasting
 + Level 1.2 Conjurations
 + Level 3.1 Fire Magic


You had 3 spell levels left.
You knew the following spells:

 Your Spells              Type           Power      Damage    Failure   Level
a - Foxfire               Conj/Fire      60%        2x1d7     7%          1
b - Scorch                Fire           40%        2d7       7%          2

Your spell library contained the following spells:

 Spells                   Type           Power      Damage    Failure   Level
 Inner Flame              Hex/Fire       11%        N/A       26%         3
 Volatile Blastmotes      Fire/Tloc      22%        2d11      26%         3
 Flame Wave               Conj/Fire      15%        2d7       56%         4


Dungeon Overview and Level Annotations

Branches:
Dungeon (2/15)

Altars:

Annotations:
D:2 Robin


Innate Abilities, Weirdness & Mutations

You have large cloven feet.


Message History

You feel very sick.
The goblin hits you with a +2 dagger of venom.
The goblin barely misses you.
It was a potion of brilliance.
You feel clever all of a sudden.
* * * LOW HITPOINT WARNING * * *
You feel sick.
The goblin hits you with a +2 dagger of venom.
* * * LOW HITPOINT WARNING * * *
You are more poisoned.
The goblin hits you with a +0 club.
* * * LOW HITPOINT WARNING * * *
It was a potion of heal wounds.
You feel much better.
You feel very sick. Robin throws the goblin at you!
The goblin completely misses you. The goblin barely misses you.
The goblin hits you but does no damage.
Casting: Foxfire (safe; 7% risk of failure)
Confirm with . or Enter, or press ? or * to list all spells.
You feel a surge of power!
Flames lash the goblin.
You kill the goblin!
You feel sick. Robin throws the goblin at you! The goblin barely misses you.
The goblin hits you with a +2 dagger of venom.
You are lethally poisoned!
The goblin hits you with a +0 dagger.
As you read the scroll labelled POUHATW SILECE, it crumbles to dust.
You assume a fearsome visage.
Robin looks frightened!
The goblin looks frightened! x2; The hobgoblin looks frightened!
The goblin looks frightened!
It was a scroll of fear.
You feel very sick. Magic courses through your body.
* * * LOW HITPOINT WARNING * * *
You feel very sick. Robin yells at you, "GO AWAY!"
As you read the scroll labelled LESMEJ VOBUIP, it crumbles to dust.
You feel strangely unstable.
It was a scroll of teleportation.
* * * LOW HITPOINT WARNING * * *
You feel very sick.
As you read the scroll labelled QEASUO WYNIDD, it crumbles to dust.
A profound silence engulfs you.
It was a scroll of silence.
You die...

##### #. ##..g## #.
##g###.## #.# ##.## ##.##
. #.# #####.## ##.# ..
#.# #..)@.# #g# #. ##.##
#g###g#######.#
#..##...###.####.##.##.##
#...........##.ยง.g...g##
...##...######.###g..##
##.## #. ##### #.# # #.#
##'##


You could see 2 hobgoblins and 3 goblins.

Vanquished Creatures
  A gnoll (D:1)
  A dart slug (D:1)
  4 ball pythons
  2 endoplasms (D:1)
  6 goblins
  A hobgoblin (D:1)
  2 kobolds (D:1)
  A quokka (D:1)
  A bat (D:1)
  2 frilled lizards (D:1)
21 creatures vanquished.

Vanquished Creatures (others)
  53 foxfires
53 creatures vanquished.

Grand Total: 74 creatures vanquished

Notes
Turn   | Place    | Note
-------+----------+-------------------------------------------
     0 | D:1      | BiteMe the Demonspawn Fire Elementalist began the quest for
                  | the Orb.
     0 | D:1      | Reached XP level 1. HP: 13/13 MP: 3/3
   219 | D:1      | Reached skill level 3 in Fire Magic
   632 | D:1      | Gained mutation: You have large cloven feet. [demonic
                  | ancestry]
   632 | D:1      | Reached XP level 2. HP: 19/19 MP: 1/5
   903 | D:1      | Learned a level 2 spell: Scorch
  1748 | D:2      | Reached XP level 3. HP: 23/24 MP: 3/6
  1767 | D:2      | Noticed Robin
  1800 | D:2      | HP: 1/24 [goblin/+0 club[Robin] (4)]
  1806 | D:2      | Succumbed to a goblin's poison

Illustrated notes

Levels and vault maps discovered:
D:1:      amcnicky_arrival_wind_blow, layout_basic
D:2:      layout_loops_corners, basic_altar, grunt_ministairs_15, uniq_robin,
          uniq_jessica

Skill      XL: |  1  2 |
---------------+-------+-----
Fire Magic     | 3 |  3.1
Dodging        | 2 |  2.3
Stealth        | |  1.7
Spellcasting   | |  2.4
Conjurations   | |  1.2

Action                     || total
---------------------------++-------
  Melee: Spear             ||    17
         Short sword       ||     1
   Cast: Foxfire           ||    31
         Scorch            ||     1
    Use: Scroll            ||     3
         Potion            ||     3
 Armour: Robe              ||    24
  Dodge: Dodged            ||    38
